 Dungeon Crawl Stone Soup version 0.29-a0-284-gf9362112df (webtiles) character file.

Game seed: 16246452234850510205

702 frimble the Skirmisher (level 7, -3/53 HPs)
             Began as a Djinni Warper on Mar 17, 2022.
             Was an Initiate of Cheibriados.
             Splashed by a jelly's acid (9 damage)
             ... on level 5 of the Dungeon.
             The game lasted 00:07:30 (6913 turns).

frimble the Skirmisher (Djinni Warper)              Turns: 6913, Time: 00:07:31

Health: -3/53      AC: -9    Str: 11    XL:     7   Next: 98%
Gold:   151        EV: 13    Int: 16    God:    Cheibriados [......] SH:  0 Dex: 15

rFire   + + +      SeeInvis .   a - +0 short sword
rCold   . . .      Faith    .   (no shield)
rNeg    + . .      Spirit   .   r - +3 leather armour {rC+}
rPois   ∞          Reflect  .   (no helmet)
rElec   .          Harm     .   (no cloak)
rCorr   .          Rampage  .   (no gloves)
Will    .....                   (boots unavailable)
Stlth   +.........              (no amulet)
HPRegen 0.17/turn               g - ring of protection from fire
MPRegen 0.00/turn               p - ring of positive energy

@: corroded, flying, very slightly contaminated, very slow
A: sickness immunity, fire resistance 2, cold vulnerability 1, float, innate
caster, HP casting, extra vitality 1
a: Renounce Religion


You were on level 5 of the Dungeon.
You worshipped Cheibriados.
Cheibriados was noncommittal.
You visited 2 branches of the dungeon, and saw 6 of its levels.

You collected 151 gold pieces.

Inventory:

Hand Weapons
 a - a +0 short sword (weapon)
Missiles
 b - a throwing net
 d - 7 boomerangs of dispersal
 e - a javelin (quivered)
 n - 3 boomerangs
Armour
 r - a +3 leather armour of cold resistance (worn)
Jewellery
 g - a ring of protection from fire (left hand)
 p - a ring of positive energy (right hand)
 u - a ring of see invisible
Wands
 f - a wand of charming (2)
Scrolls
 c - 2 scrolls of blinking
 j - 3 scrolls of magic mapping
 k - 2 scrolls of vulnerability
 m - 4 scrolls of immolation
 s - 7 scrolls of identify
 v - a scroll of noise {unknown}
 x - a scroll of enchant armour
 y - a scroll of amnesia {unknown}
 z - a scroll of enchant weapon {unknown}
Potions
 h - a potion of resistance
 i - a potion of mutation
 o - a potion of curing
 q - a potion of heal wounds
 t - 2 potions of flight {unknown}
 w - a potion of might {unknown}


   Skills:
 + Level 4.7 Fighting
 + Level 4.2 Short Blades
 - Level 0.7 Throwing
 - Level 1.0 Armour
 - Level 4.0 Dodging
 + Level 4.0 Spellcasting


You couldn't memorise any spells.
You knew the following spells:

 Your Spells              Type           Power      Damage    Failure   Level
a - Blink                 Tloc           32%        N/A       6%          2
b - Lesser Beckoning      Tloc           16%        N/A       12%         3
c - Gell's Gravitas       Tloc           16%        N/A       12%         3
d - Teleport Other        Tloc           16%        N/A       12%         3
e - Manifold Assault      Tloc           16%        N/A       75%         5
f - Freeze                Ice            64%        1d8       4%          1
g - Call Imp              Summ           16%        N/A       6%          2
h - Vampiric Draining     Necr           16%        2d7       12%         3
Your spell library was empty.

Dungeon Overview and Level Annotations

Branches:
Dungeon (5/15)             Temple (1/1) D:4

Altars:
Cheibriados
Fedhas
Hepliaklqana
Kikubaaqudgha
Qazlal
Sif Muna
Yredelemnul
Zin
The Shining One


Innate Abilities, Weirdness & Mutations

You are immune to sickness and miasma.
You are immune to poison.
Your flesh is very heat resistant. (rF++)
You are vulnerable to cold. (rC-)
You float through the air rather than walking.
You learn spells naturally, not from books.
Your magical power is your life essence.
You have superior vitality. (+4 MHP)


Message History

You hit the jelly but do no damage.
Your hands burn!
The jelly barely misses you.
You hit the jelly.
Your hands burn!
The jelly is moderately wounded.
The jelly hits you.
You are splashed with acid!
You are too injured to fight recklessly!
You are too injured to fight recklessly!
You are too injured to fight recklessly!
You are too injured to fight recklessly!
You are too injured to fight recklessly!
You are too injured to fight recklessly!
You are too injured to fight recklessly!
You hit the jelly. The acid corrodes you!
Your hands burn!
The jelly is heavily wounded.
Your shadow imp hits the jelly.
Your shadow imp is burned by acid!
The jelly hits you. The acid corrodes you!
You are splashed with acid!
You hit the jelly but do no damage.
Your hands burn!
The jelly is severely wounded.
Your shadow imp barely misses the jelly.
The jelly hits you. The acid corrodes you!
You are splashed with acid!
* * * LOW HITPOINT WARNING * * *
You hit the jelly but do no damage. The acid corrodes you!
Your hands burn!
* * * LOW HITPOINT WARNING * * *
The jelly is severely wounded.
Your shadow imp hits the jelly.
Your shadow imp is burned by acid!
The jelly hits your shadow imp.
Your shadow imp is splashed with acid!
Your shadow imp dies!
Your shadow imp disappears in a puff of smoke!
Casting: Call Imp (safe; 6% risk of failure)
Confirm with . or Enter, or press ? or * to list all spells.
You miscast Blink.
You are very lightly contaminated with residual magic.
Nothing appears to happen.
* * * LOW HITPOINT WARNING * * *
The jelly hits you.
* * * LOW HITPOINT WARNING * * *
The acid corrodes you!
You are splashed with acid!
You die...

#.... ..# #######
....#.#.## #.# ......#
........# ..# ......#
.........# ..#
......##.g.##......#
...†..o...5##......#
......)....##......#
....§......##....§.##...
...........##...@J......
...........####)#.#####.
#####.....## #)#.#
#.....# #.#.# #######
#.#.# #############.#.#
#.............#.#
#.#############.# #.#


You could see a jelly.

Vanquished Creatures
  An ogre (D:4)
  A scorpion (D:4)
  A howler monkey (D:4)
  2 orc priests (D:5)
  Jessica (D:3)
  An orc wizard (D:5)
  Ijyb (D:3)
  3 gnolls
  4 adders
  A white imp (D:5)
  A worm (D:3)
  2 dart slugs (D:3)
  6 orcs
  4 ball pythons
  3 bats
  5 endoplasms
  5 giant cockroaches
  2 goblins
  3 hobgoblins
  3 kobolds
  2 quokkas (D:4)
  2 frilled lizards (D:1)
  2 rats
56 creatures vanquished.

Vanquished Creatures (collateral kills)
  A sky beast (D:5)
  An ogre (D:5)
  A scorpion (D:5)
  A gnoll (D:2)
  4 orcs (D:5)
  A kobold (D:4)
9 creatures vanquished.

Grand Total: 65 creatures vanquished

Notes
Turn   | Place    | Note
-------+----------+-------------------------------------------
     0 | D:1      | frimble the Djinni Warper began the quest for the Orb.
     0 | D:1      | Reached XP level 1. HP: 18/18 MP: 0/0
   401 | D:1      | Found a faded altar of an unknown god.
   696 | D:1      | Reached XP level 2. HP: 2/23 MP: 0/0
  1552 | D:2      | Reached XP level 3. HP: 11/29 MP: 0/0
  1552 | D:2      | Learned a level 1 spell: Freeze
  2696 | D:3      | Noticed Ijyb
  2728 | D:3      | Killed Ijyb
  2729 | D:3      | Reached XP level 4. HP: 30/34 MP: 0/0
  3492 | D:3      | Noticed Jessica
  3495 | D:3      | Killed Jessica
  3496 | D:3      | Reached XP level 5. HP: 36/40 MP: 0/0
  3496 | D:3      | Learned a level 2 spell: Call Imp
  4080 | D:4      | Reached XP level 6. HP: 26/46 MP: 0/0
  4231 | D:4      | Noticed an ogre
  4251 | D:4      | Killed an ogre
  4767 | D:4      | Found a staircase to the Ecumenical Temple.
  5030 | Temple   | Entered the Ecumenical Temple
  5420 | Temple   | Became a worshipper of Cheibriados the Contemplative
  5451 | D:5      | Entered Level 5 of the Dungeon
  5970 | D:2      | Reached XP level 7. HP: 42/51 MP: 0/0
  5970 | D:2      | Learned a level 3 spell: Vampiric Draining
  6328 | D:4      | Identified the +0 leather armour of Spite {rPois rF++ rC+}
  6650 | D:5      | HP: 2/53 [white imp/puff of frost (12)]
  6913 | D:5      | Splashed by a jelly's acid

Illustrated notes

Levels and vault maps discovered:
D:1:      psy_arrival_basics, layout_loops_ring, shapermc_ecumenical_altar_venn
D:2:      layout_basic
D:3:      layout_loops_cross, uniq_ijyb, uniq_jessica
D:4:      layout_basic, minmay_temple_entry_drinking_statues
D:5:      layout_basic, lemuel_crystal_altar
Temple:   jpeg_temple_island

Skill      XL: |  1  2  3  4  5  6  7 |
---------------+----------------------+-----
Short Blades   | 2 3 4 |  4.2
Fighting       | 3 4 |  4.7
Dodging        | 3 4 |  4.0
Spellcasting   | 3 4 |  4.0
Throwing       | |  0.7
Armour         | |  1.0

Action                   |  1- 3 |  4- 6 |  7- 9 || total
-------------------------+-------+-------+-------++-------
Melee: Short sword       |    95 |   151 |    46 ||   292
       Punch             |     1 |     2 |     1 ||     4
Throw: Boomerang         |       |     2 |       ||     2
       Javelin           |       |       |     1 ||     1
 Cast: Blink             |     2 |     1 |     1 ||     4
       Freeze            |     6 |    22 |     7 ||    35
       Call Imp          |       |     6 |     5 ||    11
       Gell's Gravitas   |       |     1 |       ||     1
       Vampiric Draining |       |       |     1 ||     1
Evoke: Wand              |       |       |     1 ||     1
  Use: Scroll            |     5 |     2 |     2 ||     9
       Potion            |     1 |       |     3 ||     4
 Stab: Sleeping          |     1 |       |       ||     1
Armor: Leather armour    |     4 |    40 |     4 ||    48
       Robe              |    17 |       |       ||    17
Dodge: Dodged            |    63 |    90 |    24 ||   177

Table legend: (Time is in decaauts)
 A = Elapsed time spent in this place.
 B = Non-inter-level travel time spent in this place.
 C = Inter-level travel time spent in this place.
 D = Time resting spent in this place.
 E = Time spent auto-exploring this place.
 F = Levels seen in this place.
 G = Mean time per level.
                   A        B        C        D        E       F      G
               +--------+--------+--------+--------+--------+-----+--------+
         Total |   7127 |   6624 |    503 |      0 |   5793 |   6 | 1187.8 |
       Dungeon |   6725 |   6255 |    470 |      0 |   5430 |   5 | 1345.0 |
        Temple |    402 |    369 |     33 |      0 |    363 |   1 |  402.0 |
               +--------+--------+--------+--------+--------+-----+--------+

Top non-repeatable levels by time:
     D:2: 1722 daAuts
     D:3: 1451 daAuts
     D:1: 1381 daAuts
     D:4: 1370 daAuts
     D:5: 799 daAuts
  Temple: 402 daAuts
